AoeStats
← ToMasa Marinero

Arabia

507850821Analyzed
1v1 RM · 13d ago on Sep 19, 2026· 38m 20s· 2 players
Game mode
Random Map
Map size
Tiny (2 player)
Population
200
Speed
Normal
Resources
Standard
Victory
Conquest
Starting age
Dark Age
Ending age
Imperial Age
RankedLock teamsTeams togetherTeam positionsShared explorationLock speedFull tech treeHidden civsTurbo modeCheats
Victory
Defeat
🇨🇴 Magyars · Colombia
854
+17
🇩🇪 Gurjaras · Germany
873
-17
ToMasa Marinero
7:21 Loom
10:09 Feudal Age
11:02 Double-Bit Axe
14:21 Horse Collar
14:38 Town Watch
20:33 Wheelbarrow
23:56 Castle Age
23:02 Scale Barding Armor
25:10 Chain Barding Armor
24:53 Husbandry
24:47 Pikeman
26:29 Bow Saw
26:11 Gold Mining
28:26 Chain Barding Armor
32:38 Bloodlines
37:43 Scale Mail Armor
semsux
6:50 Loom
9:12 Feudal Age
9:30 Loom
21:43 Castle Age
19:39 Double-Bit Axe
21:08 Bloodlines
21:11 Forging
21:31 Scale Barding Armor
23:13 Husbandry
23:45 Bow Saw
24:45 Fletching
33:09 Bodkin Arrow
35:25 Padded Archer Armor
36:39 Thumb Ring
38:02 Wheelbarrow
40:05 Imperial Age
38:13 Wheelbarrow
38:56 Chain Barding Armor
Connection lost

Rejoining the realm…

Still unreachable

The connection could not be restored.

Session expired

The server has moved on; the page needs a fresh start.